Kradschützen Motorcycle Team
Selects Panzerjäger Kommand Battlegroup
Construct Light Support Kompanie
Construct Light Support Kompanie
Selects Defensive Positions
Panzerjäger Mechanized Group
Construct Mechanized Kompanie
Selects Anti-tank Overwatch
Selects Crew Shock Tactics
Marder III Tank Destroyer
Selects Butterfly Bomb Drop
Selects Crew Shock Tactics
Selects Anti-tank Overwatch
Marder III Tank Destroyer
254 Reconnaissance Tractor
Marder III Tank Destroyer
Marder III Tank Destroyer
254 Reconnaissance Tractor